 Dungeon Crawl Stone Soup version 0.28.0-47-ge53b351184 (webtiles) character file.

Game seed: 10086630073736316456

118 Woods the Cudgeller (level 5, -1/32 HPs)
             Began as a Gargoyle Fighter on May 8, 2022.
             Killed by divine providence
             ... invoked by an orc priest
              (10 damage)
             ... on level 3 of the Dungeon.
             The game lasted 00:02:22 (2304 turns).

Woods the Cudgeller (Gargoyle Fighter)              Turns: 2304, Time: 00:02:22

Health: -1/32      AC: 12    Str: 20    XL:     5   Next: 2%
Magic:  5/5        EV:  9    Int:  8    God:
Gold:   86         SH:  4    Dex: 11    Spells: 4/4 levels left

rFire   . . .      SeeInvis .   a - +0 flail
rCold   . . .      Faith    .   c - +0 buckler
rNeg    + . .      Spirit   .   b - +0 scale mail
rPois   ∞          Reflect  .   f - +0 helmet
rElec   +          Harm     .   (no cloak)
rCorr   .          Rampage  .   (no gloves)
Will    .....                   (no boots)
Stlth   ..........              (no amulet)
HPRegen 0.10/turn               (no ring)
MPRegen 0.09/turn               (no ring)

@: no status effects
A: sickness immunity, AC +4, negative energy resistance 1, electricity
resistance, torment resistance 1, petrification resistance
a: no special abilities


You were on level 3 of the Dungeon.
You visited 1 branch of the dungeon, and saw 3 of its levels.

You collected 86 gold pieces.

Inventory:

Hand Weapons
 a - a +0 flail (weapon)
Armour
 b - a +0 scale mail (worn)
 c - a +0 buckler (worn)
 f - a +0 helmet (worn)
Jewellery
 h - a ring of magical power
 k - a ring of ice
Scrolls
 e - 5 scrolls of magic mapping {unknown}
 i - a scroll of amnesia {unknown}
 j - a scroll of identify {unknown}
Potions
 d - a potion of might
 g - 2 potions of lignification {unknown}
 l - a potion of degeneration {unknown}


   Skills:
 - Level 3.2 Fighting
 + Level 5.0 Maces & Flails
 - Level 3.2 Armour
 - Level 3.2 Shields


You had 4 spell levels left.
You didn't know any spells.
Your spell library was empty.

Dungeon Overview and Level Annotations

Branches:
Dungeon (3/15)

Altars:
Yredelemnul

Annotations:
D:3 1 runed translucent door


Innate Abilities, Weirdness & Mutations

You are immune to sickness and miasma.
Your stone body is resilient. (AC +4)
You are immune to poison.
You resist negative energy. (rN+)
You are resistant to electric shocks. (rElec)
You are resistant to unholy torment.
You are immune to petrification.


Message History

An orc priest comes into view. It is wielding a +0 club.
The orc priest shouts!
You hear a shout!
The bat hits you but does no damage.
An orc comes into view. It is wielding a +0 flail.
An orc comes into view. It is wielding a +0 hand axe.
The orc priest moves out of view.
The orc shouts!
An orc comes into view. It is wielding a +0 mace.
The bat hits you. The orc hits you but does no damage.
You hit the orc.
The orc is lightly wounded.
The bat closely misses you. The orc closely misses you.
The orc priest calls upon Beogh to heal the orc.
The orc's wounds heal themselves!
You barely miss the orc. The bat barely misses you. The orc closely misses you.
You closely miss the orc. You block the bat's attack.
The orc hits you but does no damage.
You hit the orc but do no damage. The orc hits you but does no damage.
The orc barely misses you. The bat hits you.
You sock the orc!
You kill the orc!
The bat barely misses you. The orc hits you but does no damage.
You hit the orc.
The orc is severely wounded.
The bat hits you but does no damage. x2; You block the orc's attack.
The orc hits you but does no damage.
The orc priest invokes the aid of Beogh against you.
Beogh smites you! You block the bat's attack.
The orc priest looks encouraged for a moment.
The bat hits you but does no damage. The orc hits you but does no damage.
The bat hits you but does no damage.
The orc priest mumbles some strange prayers to Beogh against you.
Beogh smites you!
* * * LOW HITPOINT WARNING * * *
The bat completely misses you. The bat hits you but does no damage. x2
The orc priest invokes the aid of Beogh against you.
Beogh smites you!
You die...

#....... ......# ##.##.#.
......# ##.##... ......#
#...###.# ##### ......#
#.#..##### #...# ...$..#
..##.#.>.# #._.# ......#
####.>...#
#####...###).....# #
###...###...#####..o.....#
# #......)...@b.oo.......#
#######....#+#o........#
#....#p#...#######
#....###...# ##.........#
###########


You could see an orc priest, 3 orcs, a bat and a neutral human (wandering).

Vanquished Creatures
  5 adders
  4 worms
  A dart slug (D:2)
  2 orcs (D:3)
  6 ball pythons
  7 bats
  5 endoplasms
  A giant cockroach (D:1)
  6 goblins
  2 hobgoblins
  5 kobolds
  5 quokkas
  2 frilled lizards
  A jackal zombie (D:3)
  4 rats
56 creatures vanquished.

Vanquished Creatures (others)
  3 fungi (D:2)
  5 plants (D:2)
8 creatures vanquished.

Grand Total: 64 creatures vanquished

Notes
Turn   | Place    | Note
-------+----------+-------------------------------------------
     0 | D:1      | Woods the Gargoyle Fighter began the quest for the Orb.
     0 | D:1      | Reached XP level 1. HP: 14/14 MP: 1/1
   375 | D:1      | Reached XP level 2. HP: 19/19 MP: 2/2
   422 | D:1      | Reached skill level 3 in Maces & Flails
   815 | D:2      | Reached XP level 3. HP: 23/23 MP: 3/3
   910 | D:2      | Found a faded altar of an unknown god.
  1612 | D:2      | Reached skill level 4 in Maces & Flails
  1617 | D:2      | Reached XP level 4. HP: 28/28 MP: 4/4
  2150 | D:3      | Reached skill level 5 in Maces & Flails
  2205 | D:3      | Found a runed translucent door.
  2205 | D:3      | Noticed a human
  2213 | D:3      | Reached XP level 5. HP: 25/32 MP: 5/5
  2284 | D:3      | Found a basalt altar of Yredelemnul.
  2304 | D:3      | Killed from afar by an orc priest

Illustrated notes

Levels and vault maps discovered:
D:1:      lightli_arrival_windingriver, layout_basic
D:2:      layout_loops_ring, shapermc_ecumenical_altar_mp_urbaneastern,
          st_stairs_6
D:3:      layout_rooms, dk_yredelemnul_ordeal, gammafunk_ghost_gnarly_gnolls,
          uniq_crazy_yiuf_cottage

Skill      XL: |  1  2  3  4 |
---------------+-------------+-----
Maces & Flails | 3 4 5 |  5.0
Fighting       | |  3.2
Armour         | |  3.2
Shields        | |  3.2

Action                   |  1- 3 |  4- 6 || total
-------------------------+-------+-------++-------
Melee: Flail             |   108 |    84 ||   192
Armor: Scale mail        |    59 |    75 ||   134
Dodge: Dodged            |    38 |    54 ||    92
Block: Buckler           |    20 |    25 ||    45
